 Dungeon Crawl Stone Soup version 0.15-a0-1293-g4a08026 (webtiles) character file.

161 Quh the Magician (level 5, -1/35 HPs)
             Began as a Demonspawn Wizard on June 6, 2014.
             Slain by an orc
             ... wielding a +0,+0 war axe
              (13 damage)
             ... on Level 2 of the Dungeon.
             The game lasted 00:14:37 (3336 turns).

Quh the Magician (Demonspawn Wizard)                Turns: 3336, Time: 00:14:38

HP  -1/35        AC  4     Str  7      XL: 5   Next: 18%
MP  13/13        EV 12     Int 21      God:
Gold 174         SH  0     Dex 11      Spells:  4 memorised,  6 levels left

rFire  . . .     SeeInvis .     m - +0 dagger
rCold  . . .     Clarity  .     a - +0 robe
rNeg   . . .     rCorr    .     (no shield)
rPois  .         rRot     +     b - +0 hat
rElec  .         Spirit   .     x - +0 cloak (curse)
SustAb .         Warding  .     (no gloves)
rMut   .         Stasis   .     v - +0 pair of boots
Gourm  .                        (no amulet)
MR     .....                    (no ring)
                                (no ring)

@: not resistant to hostile enchantments, unstealthy
A: foul stench 1, powered by death 1, rot immunity
a: no special abilities


You were on level 2 of the Dungeon.
You were hungry.

You visited 1 branch of the dungeon, and saw 3 of its levels.

You collected 174 gold pieces.

Inventory:

Hand weapons
 e - a +0,+0 club
 m - a +0,+0 dagger (weapon)
 n - a +0,+0 dagger
 p - a -3,-1 dagger
Missiles
 t - 46 arrows
 y - 3 stones (quivered)
Armour
 a - a +0 robe (worn)
 b - a +0 hat (worn)
 v - a +0 pair of boots (worn)
 x - a cursed +0 cloak (worn)
Magical devices
 w - a wand of digging (11) {unknown}
Comestibles
 d - a bread ration
 h - 2 meat rations
Scrolls
 f - 2 scrolls of identify {unknown}
 j - a scroll of amnesia {unknown}
 o - a scroll of enchant weapon I {unknown}
 q - a scroll of enchant armour {unknown}
 r - a scroll of magic mapping {unknown}
 s - 2 scrolls of recharging {unknown}
 u - a scroll of teleportation {unknown}
 C - a scroll of noise {unknown}
Potions
 g - a potion of restore abilities
 i - 3 potions of heal wounds
 k - a potion of resistance {unknown}
 z - a potion of might {unknown}
 A - a potion of experience {unknown}
 B - a potion of curing
Books
 c - a book of Minor Magic

   Spells                             Type                      Level
   *Magic Dart                        Conjuration                  1
   *Blink                             Translocation                2
   *Call Imp                          Summoning                    2
   *Repel Missiles                    Charms/Air                   2
   Slow                               Hexes                        2
   Conjure Flame                      Conjuration/Fire             3
   Mephitic Cloud                     Conjuration/Poison/Air       3


   Skills:
 - Level 1.7 Dodging
 - Level 1.7 Stealth
 * Level 4.5 Spellcasting
 * Level 3.5 Conjurations
 - Level 1.0 Summonings
 - Level 0.8 Translocations


You had 6 spell levels left.
You knew the following spells:

 Your Spells              Type           Power        Failure   Level  Hunger
a - Magic Dart            Conj           ###.         2%          1    None
b - Blink                 Tloc           N/A          14%         2    #......
c - Call Imp              Summ           #.......     12%         2    #......
d - Repel Missiles        Chrm/Air       #.....       17%         2    #......


Dungeon Overview and Level Annotations

Branches:
Dungeon (3/15)

Altars:
Elyvilon
Fedhas
Zin

Annotations:
D:3 Sigmund


Innate Abilities, Weirdness & Mutations

You emit a foul stench.
You can steal the life force of nearby defeated enemies.
You are immune to rotting.


Message History

The puff of flame hits you! The orc closely misses you.
The orc closely misses you.
You hit the orc.
The orc is almost dead.
The orc wizard hits you but does no damage.
The orc hits you with a club.
You closely miss the orc.
The orc is almost dead.
The orc barely misses you.
The orc wizard hits you but does no damage.
You barely miss the orc.
The orc is almost dead.
The orc barely misses you. The orc hits you but does no damage.
The orc wizard hits you but does no damage.
You hit the orc but do no damage.
The orc is almost dead.
The orc closely misses you.
The orc wizard becomes somewhat translucent.
The orc hits you with a war axe!
You die...

#...#.#
#........
##..#.#
#........
#..#.#
#........
##.#.#
#########
#.>.######
#...#....#
#...#....#
#.#o#....#
#.o@o....####
#####.......#
#.......#
#.......#
#.......#
#.......#
####....#
#....# #....#


You could see an orc wizard and 2 orcs.

Vanquished Creatures
  A killer bee (D:3)
  2 adders (D:2)
  A worm (D:2)
  A giant gecko (D:2)
  12 bats
  A giant cockroach (D:1)
  6 goblins
  5 hobgoblins
  2 jackals (D:1)
  8 kobolds
  2 giant newts (D:1)
  7 rats
48 creatures vanquished.

Vanquished Creatures (collateral kills)
  A killer bee (D:3)
  3 adders (D:2)
  2 bats (D:3)
  A giant cockroach (D:3)
  2 hobgoblins (D:2)
9 creatures vanquished.

Vanquished Creatures (others)
  5 crimson imps (D:3)
5 creatures vanquished.

Grand Total: 62 creatures vanquished

Notes
Turn   | Place    | Note
--------------------------------------------------------------
     0 | D:1      | Quh, the Demonspawn Wizard, began the quest for the Orb.
     0 | D:1      | Reached XP level 1. HP: 13/13 MP: 4/4
   612 | D:1      | Gained mutation: You are immune to rotting. [demonic ancestry]
   612 | D:1      | Reached XP level 2. HP: 19/19 MP: 3/6
   998 | D:1      | Learned a level 2 spell: Blink
  1001 | D:1      | Learned a level 2 spell: Call Imp
  1004 | D:1      | Learned a level 2 spell: Repel Missiles
  1231 | D:1      | Gained mutation: You emit a foul stench. [demonic ancestry]
  1231 | D:1      | Reached XP level 3. HP: 24/24 MP: 4/8
  1786 | D:2      | Found a blossoming altar of Fedhas.
  1796 | D:2      | Found a glowing silver altar of Zin.
  1800 | D:2      | Found a white marble altar of Elyvilon.
  2168 | D:2      | Reached skill level 4 in Spellcasting
  2235 | D:2      | Reached XP level 4. HP: 25/30 MP: 7/11
  2999 | D:3      | Gained mutation: You can steal the life force of nearby defeated enemies. [demonic ancestry]
  2999 | D:3      | Reached XP level 5. HP: 4/35 MP: 0/13
  3328 | D:3      | Noticed Sigmund
  3336 | D:2      | Slain by an orc

Action                   |  1- 3 |  4- 6 || total
-------------------------+-------+-------++-------
Melee: Club              |    48 |       ||    48
       Unarmed           |    10 |       ||    10
       Dagger            |    30 |    15 ||    45
 Cast: Magic Dart        |    74 |    20 ||    94
       Call Imp          |     1 |    16 ||    17
  Use: Potion            |     2 |       ||     2
       Scroll            |     1 |       ||     1
 Stab: Sleeping          |     1 |       ||     1
